cohdb
Replays
Latest Replays
All Replays
Popular Replays
Top Player Replays
Match Explorer
How It Works
Community
CoH3 Stats
Reddit
Sign in to upload your games and track your stats! →
Sign in with Steam
Match 42638932
Unlisted
Match 42638932
Overview
Messages
Build Orders
End
Scout Squad
Selects Heavy Weapons
Construct Barracks
Riflemen Squad
Construct Weapon Support Center
Bazooka Squad
M1919 Machine Gun Team
M1919 Machine Gun Team
Mechanized Support Center
Doyle
Balrissiano
Kelton312
諾爾斯
Freelancer
Unsafe
一元线性回归
ĹUZ
0
0
Comments
sign in to comment!
No comments posted yet!